NCAA
OKLAHOMA STATE COWBOYS @ MICHIGAN WOLVERINES
04/07/2027
 
TOP OF THE 1ST
Oklahoma State Cowboys batting - Pitching for Michigan Wolverines : LHP Murray Rosales
Pitching: LHP Murray Rosales
Batting: LHB César Colón 0-0: Called Strike
0-1: Ground out 4-3 (Groundball, 6MS)
Batting: RHB Ryan Williams 0-0: Called Strike
0-1: Ball
1-1: Ball
2-1: Swinging Strike
2-2: Strikes out swinging
Batting: RHB John Lynch 0-0: Ball
1-0: Ball
2-0: Called Strike
2-1: Ground out 6-3 (Groundball, 6S)
Top of the 1st over - 0 run(s), 0 hit(s), 0 error(s), 0 left on base; Oklahoma State 0 - Michigan 0
BOTTOM OF THE 1ST
Michigan Wolverines batting - Pitching for Oklahoma State Cowboys : RHP Ron Owen
Pitching: RHP Ron Owen
Batting: RHB Mark Brewer 0-0: Ball
1-0: Foul Ball, location: 2F
1-1: Foul Ball, location: 2F
1-2: Ball
2-2: Strikes out swinging
Batting: RHB Bryan Koonts 0-0: Fly out, F9 (Line Drive, 89M)
Batting: RHB Bill Davis 0-0: Ball
1-0: Called Strike
1-1: Fly out, F7 (Flyball, 78M)
Bottom of the 1st over - 0 run(s), 0 hit(s), 0 error(s), 0 left on base; Oklahoma State 0 - Michigan 0
TOP OF THE 2ND
Oklahoma State Cowboys batting - Pitching for Michigan Wolverines : LHP Murray Rosales
Batting: LHB Bill Bryan 0-0: Ball
1-0: Ball
2-0: Ball
3-0: Base on Balls
Batting: RHB Augusto Padilla 0-0: Foul Ball, location: 2F
0-1: Called Strike
0-2: Ball
1-2: Grounds into double play, 6-4-3 (Groundball, 6)
Batting: LHB Cristián Rodríguez 0-0: Called Strike
0-1: Swinging Strike
0-2: Ball
1-2: Ball
2-2: Ball
3-2: Base on Balls
Batting: SHB Ernest Hood 0-0: Ball
1-0: SINGLE (Flyball, 9LS)
Cristián Rodríguez to second
Runner from 2nd tries for 3rd, SAFE, throw made to third
Batting: LHB Horace Kramer 0-0: Called Strike
0-1: Ball
1-1: Called Strike
1-2: Ball
2-2: Strikes out swinging
Top of the 2nd over - 0 run(s), 1 hit(s), 0 error(s), 2 left on base; Oklahoma State 0 - Michigan 0
BOTTOM OF THE 2ND
Michigan Wolverines batting - Pitching for Oklahoma State Cowboys : RHP Ron Owen
Batting: RHB Jake Brown 0-0: Ball
1-0: Ground out 6-3 (Groundball, 6)
Batting: RHB Bill Andrews 0-0: Called Strike
0-1: Swinging Strike
0-2: Strikes out swinging
Batting: RHB Rob Burkholder 0-0: Fly out, F4 (Line Drive, 4)
Bottom of the 2nd over - 0 run(s), 0 hit(s), 0 error(s), 0 left on base; Oklahoma State 0 - Michigan 0
TOP OF THE 3RD
Oklahoma State Cowboys batting - Pitching for Michigan Wolverines : LHP Murray Rosales
Batting: RHB Burt Sharp 0-0: Called Strike
0-1: Ball
1-1: Foul Ball, location: 2F
1-2: Foul Ball, location: 2F
1-2: Strikes out swinging
Batting: LHB César Colón 0-0: Called Strike
0-1: Called Strike
0-2: Foul Ball, location: 2F
0-2: Fly out, F6 (Popup, 6S)
Batting: RHB Ryan Williams 0-0: Ball
1-0: Ball
2-0: Ball
3-0: Base on Balls
Batting: RHB John Lynch 0-0: Ball
1-0: Fly out, F8 (Flyball, 8LD)
Top of the 3rd over - 0 run(s), 0 hit(s), 0 error(s), 1 left on base; Oklahoma State 0 - Michigan 0
BOTTOM OF THE 3RD
Michigan Wolverines batting - Pitching for Oklahoma State Cowboys : RHP Ron Owen
Batting: RHB Walt Green 0-0: Ball
1-0: Foul Ball, location: 2F
1-1: Ball
2-1: Bunt for hit - play at first, batter OUT! 5-3
Batting: RHB Andrew Lewis 0-0: SINGLE (Line Drive, 9S)
Batting: LHB Leon Malone 0-0: Foul Ball, location: 2F
0-1: Grounds into double play, 4-6-3 (Groundball, 4)
Bottom of the 3rd over - 0 run(s), 1 hit(s), 0 error(s), 0 left on base; Oklahoma State 0 - Michigan 0
TOP OF THE 4TH
Oklahoma State Cowboys batting - Pitching for Michigan Wolverines : LHP Murray Rosales
Batting: LHB Bill Bryan 0-0: Ground out 3-1 (Groundball, 3D)
Batting: RHB Augusto Padilla 0-0: Swinging Strike
0-1: Called Strike
0-2: Foul Ball, location: 2F
0-2: Fly out, F9 (Flyball, 9S)
Batting: LHB Cristián Rodríguez 0-0: Foul Ball, location: 2F
0-1: Ball
1-1: Called Strike
1-2: Ground out U3 (Groundball, 34S)
Top of the 4th over - 0 run(s), 0 hit(s), 0 error(s), 0 left on base; Oklahoma State 0 - Michigan 0
BOTTOM OF THE 4TH
Michigan Wolverines batting - Pitching for Oklahoma State Cowboys : RHP Ron Owen
Batting: RHB Mark Brewer 0-0: Called Strike
0-1: Swinging Strike
0-2: Strikes out swinging
Batting: RHB Bryan Koonts 0-0: SINGLE (Groundball, 4MD)
Batting: RHB Bill Davis 0-0: Grounds into double play, 1-6-3 (Groundball, 13)
Bottom of the 4th over - 0 run(s), 1 hit(s), 0 error(s), 0 left on base; Oklahoma State 0 - Michigan 0
TOP OF THE 5TH
Oklahoma State Cowboys batting - Pitching for Michigan Wolverines : LHP Murray Rosales
Batting: SHB Ernest Hood 0-0: Ball
1-0: Called Strike
1-1: Called Strike
1-2: Foul Ball, location: 2F
1-2: Ball
2-2: Ball
3-2: Base on Balls
Batting: LHB Horace Kramer 0-0: Ball
1-0: Ball
2-0: Ball
3-0: Called Strike
3-1: SINGLE (Groundball, 56D)
Ernest Hood to second
Batting: RHB Burt Sharp 0-0: Ground out 5-3 (Groundball, 56S)
Ernest Hood to third
Horace Kramer to second
Batting: LHB César Colón 0-0: Ball
1-0: Called Strike
1-1: Ball
2-1: Ball
3-1: Base on Balls
Batting: RHB Ryan Williams 0-0: Foul Ball, location: 2F
0-1: Ball
1-1: Ball
2-1: Ball
3-1: Called Strike
3-2: Base on Balls
Ernest Hood scores
Horace Kramer to third
César Colón to second
Pitching: RHP Vince Conklin
Batting: RHB John Lynch 0-0: Called Strike
0-1: Called Strike
0-2: Ball
1-2: Foul Ball, location: 2F
1-2: Ball
2-2: Foul Ball, location: 2F
2-2: Foul Ball, location: 2F
2-2: Foul Ball, location: 2F
2-2: Strikes out swinging
Batting: LHB Bill Bryan 0-0: Foul Ball, location: 2F
0-1: Ball
1-1: Ball
2-1: Swinging Strike
2-2: Foul Ball, location: 2F
2-2: Strikes out swinging
Top of the 5th over - 1 run(s), 1 hit(s), 0 error(s), 3 left on base; Oklahoma State 1 - Michigan 0
BOTTOM OF THE 5TH
Michigan Wolverines batting - Pitching for Oklahoma State Cowboys : RHP Ron Owen
Batting: RHB Jake Brown 0-0: Called Strike
0-1: Fly out, F6 (Line Drive, 6D)
Batting: RHB Bill Andrews 0-0: Ball
1-0: Swinging Strike
1-1: Swinging Strike
1-2: Ball
2-2: Foul Ball, location: 2F
2-2: Ball
3-2: Foul Ball, location: 2F
3-2: Foul Ball, location: 2F
3-2: DOUBLE (Flyball, 89M)
Batting: RHB Rob Burkholder 0-0: Called Strike
0-1: Foul Ball, location: 2F
0-2: Strikes out looking
Batting: RHB Walt Green 0-0: Ball
1-0: Called Strike
1-1: Ball
2-1: Ball
3-1: Base on Balls
Batting: RHB Andrew Lewis 0-0: Fly out, F8 (Flyball, 8RM)
Bottom of the 5th over - 0 run(s), 1 hit(s), 0 error(s), 2 left on base; Oklahoma State 1 - Michigan 0
TOP OF THE 6TH
Oklahoma State Cowboys batting - Pitching for Michigan Wolverines : RHP Vince Conklin
Batting: RHB Augusto Padilla 0-0: Ball
1-0: Foul Ball, location: 2F
1-1: Foul Ball, location: 2F
1-2: SINGLE (Line Drive, 6MD)
Batting: LHB Cristián Rodríguez 0-0: Called Strike
0-1: Ball
1-1: Ball
2-1: Fly out, F7 (Flyball, 7S)
Batting: SHB Ernest Hood 0-0: Fly out, F7 (Flyball, 7S)
Batting: LHB Horace Kramer 0-0: Ball
1-0: Ball
2-0: Ball
3-0: Called Strike
3-1: Base on Balls
Augusto Padilla to second
Batting: RHB Burt Sharp 0-0: Ball
1-0: Foul Ball, location: 2F
1-1: Ball
2-1: 3-RUN HOME RUN (Flyball, 9LD), Distance : 327 ft
Pitching: LHP Bill Bernard
Batting: LHB César Colón 0-0: Called Strike
0-1: Ball
1-1: Ball
2-1: Ball
3-1: Called Strike
3-2: Base on Balls
Batting: RHB Ryan Williams 0-0: Ball
1-0: Ball
2-0: Ball
3-0: Swinging Strike
3-1: Called Strike
3-2: Foul Ball, location: 2F
3-2: Foul Ball, location: 2F
3-2: Base on Balls
César Colón to second
Batting: RHB John Lynch 0-0: Ball
1-0: Ball
2-0: Ball
3-0: Called Strike
3-1: Base on Balls
César Colón to third
Ryan Williams to second
Batting: LHB Bill Bryan 0-0: Ball
1-0: Foul Ball, location: 2F
1-1: Called Strike
1-2: Strikes out swinging
Top of the 6th over - 3 run(s), 2 hit(s), 0 error(s), 3 left on base; Oklahoma State 4 - Michigan 0
BOTTOM OF THE 6TH
Michigan Wolverines batting - Pitching for Oklahoma State Cowboys : RHP Ron Owen
Batting: LHB Leon Malone 0-0: Ball
1-0: Foul Ball, location: 2F
1-1: Ball
2-1: Ball
3-1: Called Strike
3-2: Base on Balls
Batting: RHB Mark Brewer 0-0: Ball
1-0: Ball
2-0: Ball
3-0: Base on Balls
Leon Malone to second
Batting: RHB Bryan Koonts 0-0: Ball
1-0: Ground out 5-3 (Groundball, 25)
Leon Malone to third
Mark Brewer to second
Batting: RHB Bill Davis 0-0: Foul Ball, location: 2F
0-1: Foul Ball, location: 2F
0-2: Fly out, F7 (Flyball, 7S)
Batting: RHB Jake Brown 0-0: Called Strike
0-1: Called Strike
0-2: Ball
1-2: Foul Ball, location: 2F
1-2: SINGLE (Flyball, 8LS)
Leon Malone scores
Mark Brewer to third
Runner from 3rd tries for Home, SAFE, no throw
Batting: RHB Bill Andrews 0-0: Called Strike
0-1: Foul Ball, location: 2F
0-2: Ground out 4-3 (Groundball, 34)
Bottom of the 6th over - 2 run(s), 1 hit(s), 0 error(s), 1 left on base; Oklahoma State 4 - Michigan 2
TOP OF THE 7TH
Oklahoma State Cowboys batting - Pitching for Michigan Wolverines : LHP Bill Bernard
Batting: RHB Augusto Padilla 0-0: Called Strike
0-1: Called Strike
0-2: Ball
1-2: SINGLE (Groundball, 6D)
Batting: LHB Cristián Rodríguez 0-0: Sac Bunt - play at first, batter OUT! 1-3
Augusto Padilla to second
Batting: SHB Ernest Hood 0-0: Ball
1-0: Ball
2-0: Foul Ball, location: 2F
2-1: Ball
Wild Pitch!
Augusto Padilla to third
3-1: Base on Balls
Batting: LHB Horace Kramer Pickoff Throw to First - Error! E1
Augusto Padilla scores
Ernest Hood to second
0-0: Ball
1-0: Ball
2-0: Ball
3-0: Swinging Strike
3-1: Base on Balls
Batting: RHB Burt Sharp 0-0: Ball
1-0: Foul Ball, location: 2F
1-1: Foul Ball, location: 2F
1-2: Strikes out swinging
Batting: LHB César Colón 0-0: Called Strike
0-1: Ball
1-1: Foul Ball, location: 2F
1-2: Fielders Choice at 2nd, 4-6 (Groundball, 4)
Top of the 7th over - 1 run(s), 1 hit(s), 1 error(s), 1 left on base; Oklahoma State 5 - Michigan 2
BOTTOM OF THE 7TH
Michigan Wolverines batting - Pitching for Oklahoma State Cowboys : RHP Ron Owen
Batting: RHB Rob Burkholder 0-0: Ball
1-0: Fly out, F8 (Flyball, 8LM)
Batting: RHB Walt Green 0-0: Called Strike
0-1: Fly out, F7 (Line Drive, 7)
Batting: RHB Andrew Lewis 0-0: Ball
1-0: Ball
2-0: Called Strike
2-1: Reached on error, E6 (Groundball, 6)
Batting: LHB Leon Malone 0-0: Called Strike
0-1: Ball
1-1: Swinging Strike
1-2: Ball
2-2: Ground out 3-1 (Groundball, 34)
Bottom of the 7th over - 0 run(s), 0 hit(s), 1 error(s), 1 left on base; Oklahoma State 5 - Michigan 2
TOP OF THE 8TH
Oklahoma State Cowboys batting - Pitching for Michigan Wolverines : LHP Bill Bernard
Pitching: RHP Jorge Báez
Batting: RHB Ryan Williams 0-0: Foul Ball, location: 2F
0-1: Called Strike
0-2: Fly out, F8 (Flyball, 78M)
Batting: RHB John Lynch 0-0: Ball
1-0: Swinging Strike
1-1: Ball
2-1: Ball
3-1: Ground out 4-3 (Groundball, 4)
Batting: LHB Bill Bryan 0-0: Called Strike
0-1: Called Strike
0-2: Ball
1-2: Ball
2-2: Foul Ball, location: 2F
2-2: Strikes out looking
Top of the 8th over - 0 run(s), 0 hit(s), 0 error(s), 0 left on base; Oklahoma State 5 - Michigan 2
BOTTOM OF THE 8TH
Michigan Wolverines batting - Pitching for Oklahoma State Cowboys : RHP Ron Owen
Pitching: RHP Paul González
Batting: RHB Mark Brewer 0-0: Ball
1-0: Foul Ball, location: 2F
1-1: Foul Ball, location: 2F
1-2: Foul Ball, location: 2F
1-2: Strikes out swinging
Batting: RHB Bryan Koonts 0-0: Ball
1-0: Foul Ball, location: 2F
1-1: Ball
2-1: Ball
3-1: Base on Balls
Batting: RHB Bill Davis 0-0: Called Strike
0-1: Foul Ball, location: 2F
0-2: Strikes out swinging
Batting: RHB Jake Brown 0-0: Foul Ball, location: 2F
0-1: Swinging Strike
0-2: Ball
1-2: Ball
2-2: Foul Ball, location: 2F
2-2: SINGLE (Flyball, 9LS)
Bryan Koonts to second
Runner from 2nd tries for 3rd, OUT!
Bottom of the 8th over - 0 run(s), 1 hit(s), 0 error(s), 1 left on base; Oklahoma State 5 - Michigan 2
TOP OF THE 9TH
Oklahoma State Cowboys batting - Pitching for Michigan Wolverines : RHP Jorge Báez
Pitching: RHP Clay White
Batting: RHB Augusto Padilla 0-0: Called Strike
0-1: Ground out 6-3 (Groundball, 6M)
Batting: LHB Cristián Rodríguez 0-0: Ball
1-0: Ball
2-0: Ball
3-0: Called Strike
3-1: Called Strike
3-2: SINGLE (Line Drive, 34D)
Batting: SHB Ernest Hood 0-0: Ball
1-0: Hit by Pitch
Cristián Rodríguez to second
Batting: LHB Horace Kramer 0-0: Ball
1-0: Ball
2-0: Fly out, F9 (Flyball, 9S)
Batting: RHB Burt Sharp 0-0: Ball
1-0: Called Strike
1-1: Swinging Strike
1-2: Foul Ball, location: 2F
1-2: Strikes out swinging
Top of the 9th over - 0 run(s), 1 hit(s), 0 error(s), 2 left on base; Oklahoma State 5 - Michigan 2
BOTTOM OF THE 9TH
Michigan Wolverines batting - Pitching for Oklahoma State Cowboys : RHP Paul González
Pitching: RHP Stu Morris
Batting: RHB Bill Andrews 0-0: Ball
1-0: SOLO HOME RUN (Line Drive, 7D), Distance : 373 ft
Batting: RHB Rob Burkholder 0-0: Ball
1-0: Called Strike
1-1: Ball
2-1: Ground out 4-3 (Groundball, 4M)
Batting: RHB Walt Green 0-0: Ball
1-0: Foul Ball, location: 2F
1-1: Swinging Strike
1-2: Ball
2-2: Ball
3-2: Base on Balls
Batting: RHB Andrew Lewis 0-0: Called Strike
0-1: Swinging Strike
0-2: Ball
1-2: Strikes out swinging
Pinch Hitting: RHB Salvador Castro 0-0: Ball
1-0: Swinging Strike
1-1: Ball
2-1: Ball
3-1: Base on Balls
Walt Green to second
Batting: RHB Mark Brewer 0-0: Called Strike
0-1: Ball
1-1: 3-RUN HOME RUN (Flyball, 78XD), Distance : 385 ft
Thursday, March 30th, 2017 - OOTP Baseball 17.12 Build 75